DBL
LOS ANGELES DODGERS @ SEATTLE PILOTS
07/13/1997
 
TOP OF THE 1ST
Los Angeles Dodgers batting - Pitching for Seattle Pilots : RHP Rick Aguilera
Pitching: RHP Rick Aguilera
Batting: RHB Brian L Hunter 0-0: Called Strike
0-1: Ball
1-1: Ball
2-1: Ground out 5-3 (Groundball, 56, EV 75.6 MPH)
Batting: RHB Chris Brown 0-0: Called Strike
0-1: Ball
1-1: Swinging Strike
1-2: Hit by Pitch
Batting: LHB Ryan Klesko 0-0: Called Strike
0-1: Called Strike
0-2: Ball
1-2: Grounds into double play, 6-4-3 (Groundball, 6, EV 80.0 MPH)
Top of the 1st over - 0 runs, 0 hits, 0 errors, 0 left on base; Los Angeles 0 - Seattle 0
BOTTOM OF THE 1ST
Seattle Pilots batting - Pitching for Los Angeles Dodgers : RHP Greg Maddux
Pitching: RHP Greg Maddux
Batting: RHB Edgar Martinez 0-0: Ball
1-0: Ball
2-0: Ball
3-0: Called Strike
3-1: SOLO HOME RUN (Flyball, 7D, EV 103.1 MPH), Distance : 358 ft
Batting: LHB Ken Griffey Jr. 0-0: Ball
1-0: Foul Ball, location: 2F
1-1: Fly out, F9 (Line Drive, 9, EV 109.4 MPH)
Batting: RHB Hector Villanueva 0-0: Ball
1-0: Ground out 6-3 (Groundball, 6M, EV 100.0 MPH)
Batting: RHB Jermaine Dye 0-0: SINGLE (Flyball, 9LS, EV 95.0 MPH)
Batting: LHB J.T. Snow 0-0: Called Strike
0-1: Ball
1-1: Ball
2-1: Ball
3-1: Called Strike
3-2: Ground out 4-3 (Groundball, 4, EV 111.9 MPH)
Bottom of the 1st over - 1 run, 2 hits, 0 errors, 1 left on base; Los Angeles 0 - Seattle 1
TOP OF THE 2ND
Los Angeles Dodgers batting - Pitching for Seattle Pilots : RHP Rick Aguilera
Batting: LHB Rafael Palmeiro 0-0: Called Strike
0-1: Ball
1-1: Fly out, F6 (Line Drive, 6, EV 65.6 MPH)
Batting: RHB Jeffrey Hammonds 0-0: Called Strike
0-1: Foul Ball, location: 2F
0-2: Ball
1-2: Strikes out swinging
Batting: SHB Jason Varitek 0-0: Ball
1-0: Fly out, F7 (Line Drive, 7, EV 85.0 MPH)
Top of the 2nd over - 0 runs, 0 hits, 0 errors, 0 left on base; Los Angeles 0 - Seattle 1
BOTTOM OF THE 2ND
Seattle Pilots batting - Pitching for Los Angeles Dodgers : RHP Greg Maddux
Batting: RHB Bruce Aven 0-0: Ball
1-0: Foul Ball, location: 2F
1-1: Called Strike
1-2: Ball
2-2: Foul Ball, location: 2F
2-2: Ball
3-2: Foul Ball, location: 2F
3-2: Strikes out swinging
Batting: SHB Pat Listach 0-0: Ball
1-0: Foul Ball, location: 2F
1-1: Swinging Strike
1-2: Strikes out looking
Batting: RHB Esteban Beltre 0-0: Called Strike
0-1: Ground out 1-3 (Groundball, 15S, EV 65.0 MPH)
Bottom of the 2nd over - 0 runs, 0 hits, 0 errors, 0 left on base; Los Angeles 0 - Seattle 1
TOP OF THE 3RD
Los Angeles Dodgers batting - Pitching for Seattle Pilots : RHP Rick Aguilera
Batting: RHB Torii Hunter 0-0: Ball
1-0: Called Strike
1-1: Ball
2-1: Ball
3-1: Called Strike
3-2: Fly out, F9 (Flyball, 89D, EV 108.8 MPH)
Batting: RHB Homer Bush 0-0: Called Strike
0-1: Ball
1-1: Ball
2-1: Called Strike
2-2: Foul Ball, location: 2F
2-2: SINGLE (Groundball, 25, EV 60.6 MPH) (infield hit)
Batting: SHB Kevin Stocker 0-0: Swinging Strike
Passed Ball!
Homer Bush to second
0-1: Ball
1-1: Ball
Homer Bush steals 3rd base
2-1: Foul Ball, location: 2F
2-2: Ground out 4-3 (Groundball, 4, EV 108.8 MPH)
Homer Bush scores
Batting: RHB Brian L Hunter 0-0: Ball
1-0: Foul Ball, location: 2F
1-1: Foul Ball, location: 2F
1-2: Ball
2-2: Ball
3-2: Foul Ball, location: 2F
3-2: Strikes out looking
Top of the 3rd over - 1 run, 1 hit, 0 errors, 0 left on base; Los Angeles 1 - Seattle 1
BOTTOM OF THE 3RD
Seattle Pilots batting - Pitching for Los Angeles Dodgers : RHP Greg Maddux
Batting: SHB Mark McLemore 0-0: Called Strike
0-1: Ball
1-1: Called Strike
1-2: Strikes out swinging
Batting: RHB Edgar Martinez 0-0: Ball
1-0: SINGLE (Groundball, 6MD, EV 103.1 MPH)
Batting: LHB Ken Griffey Jr. 0-0: SINGLE (Line Drive, 9S, EV 93.1 MPH)
Edgar Martinez to second
Edgar Martinez to third
Batting: RHB Hector Villanueva 0-0: Ball
1-0: Ball
2-0: Called Strike
2-1: Swinging Strike
2-2: Strikes out swinging
Batting: RHB Jermaine Dye 0-0: Ball
1-0: Foul Ball, location: 2F
1-1: Ball
2-1: Ball
3-1: Base on Balls
Ken Griffey Jr. to second
Batting: LHB J.T. Snow 0-0: Foul Ball, location: 2F
0-1: Ball
1-1: Ball
2-1: Ball
3-1: Foul Ball, location: 2F
3-2: Foul Ball, location: 2F
3-2: Base on Balls
Edgar Martinez scores
Ken Griffey Jr. to third
Jermaine Dye to second
Batting: RHB Bruce Aven 0-0: Called Strike
0-1: Ball
1-1: Ball
2-1: Swinging Strike
2-2: Foul Ball, location: 2F
2-2: Foul Ball, location: 2F
2-2: Fly out, F6 (Line Drive, 6, EV 72.5 MPH)
Bottom of the 3rd over - 1 run, 2 hits, 0 errors, 3 left on base; Los Angeles 1 - Seattle 2
TOP OF THE 4TH
Los Angeles Dodgers batting - Pitching for Seattle Pilots : RHP Rick Aguilera
Batting: RHB Chris Brown 0-0: Ball
1-0: Ball
2-0: Called Strike
2-1: Ball
3-1: Foul Ball, location: 2F
3-2: Fly out, F8 (Line Drive, 8RD, EV 90.6 MPH)
Batting: LHB Ryan Klesko 0-0: Called Strike
0-1: Fly out, F4 (Line Drive, 4, EV 68.8 MPH)
Batting: LHB Rafael Palmeiro 0-0: Called Strike
0-1: Ball
1-1: Foul Ball, location: 2F
1-2: Foul Ball, location: 2F
1-2: Ball
2-2: Foul Ball, location: 2F
2-2: Ball
3-2: Fly out, F8 (Flyball, 8RS, EV 85.6 MPH)
Top of the 4th over - 0 runs, 0 hits, 0 errors, 0 left on base; Los Angeles 1 - Seattle 2
BOTTOM OF THE 4TH
Seattle Pilots batting - Pitching for Los Angeles Dodgers : RHP Greg Maddux
Batting: SHB Pat Listach 0-0: Foul Ball, location: 2F
0-1: Ball
1-1: Ball
2-1: Foul Ball, location: 2F
2-2: Ball
3-2: Strikes out looking
Batting: RHB Esteban Beltre 0-0: Called Strike
0-1: Foul Ball, location: 2F
0-2: Fly out, F3 (Line Drive, 3, EV 64.4 MPH)
Batting: SHB Mark McLemore 0-0: Ball
1-0: Ball
2-0: Foul Ball, location: 2F
2-1: Swinging Strike
2-2: Fly out, F5 (Popup, 5SF, EV 82.5 MPH)
Bottom of the 4th over - 0 runs, 0 hits, 0 errors, 0 left on base; Los Angeles 1 - Seattle 2
TOP OF THE 5TH
Los Angeles Dodgers batting - Pitching for Seattle Pilots : RHP Rick Aguilera
Batting: RHB Jeffrey Hammonds 0-0: Called Strike
0-1: Called Strike
0-2: Strikes out swinging
Batting: SHB Jason Varitek 0-0: Ball
1-0: Ball
2-0: Fly out, F3 (Popup, 23F, EV 89.4 MPH)
Batting: RHB Torii Hunter 0-0: Ball
1-0: Foul Ball, location: 2F
1-1: Ball
2-1: Ball
3-1: SINGLE (Groundball, 6MD, EV 106.9 MPH)
Batting: RHB Homer Bush 0-0: Called Strike
0-1: Called Strike
0-2: Ball
1-2: Ball
2-2: Strikes out swinging
Top of the 5th over - 0 runs, 1 hit, 0 errors, 1 left on base; Los Angeles 1 - Seattle 2
BOTTOM OF THE 5TH
Seattle Pilots batting - Pitching for Los Angeles Dodgers : RHP Greg Maddux
Batting: RHB Edgar Martinez 0-0: Called Strike
0-1: Ground out 1-3 (Groundball, 13S, EV 62.5 MPH)
Batting: LHB Ken Griffey Jr. 0-0: Ball
1-0: Foul Ball, location: 2F
1-1: Foul Ball, location: 2F
1-2: Foul Ball, location: 2F
1-2: Foul Ball, location: 2F
1-2: Foul Ball, location: 2F
1-2: Fly out, F7 (Flyball, 7LS, EV 88.1 MPH)
Batting: RHB Hector Villanueva 0-0: Swinging Strike
0-1: Foul Ball, location: 2F
0-2: Fly out, F8 (Flyball, 8RXD, EV 105.0 MPH)
Bottom of the 5th over - 0 runs, 0 hits, 0 errors, 0 left on base; Los Angeles 1 - Seattle 2
TOP OF THE 6TH
Los Angeles Dodgers batting - Pitching for Seattle Pilots : RHP Rick Aguilera
Batting: SHB Kevin Stocker 0-0: Called Strike
0-1: Foul Ball, location: 2F
0-2: Ball
1-2: Ground out 2-3 (Groundball, 15S, EV 64.4 MPH)
Batting: RHB Brian L Hunter 0-0: Swinging Strike
0-1: Ground out 5-3 (Groundball, 5, EV 99.4 MPH)
Batting: RHB Chris Brown 0-0: Ball
1-0: Ball
2-0: Ball
3-0: Called Strike
3-1: Foul Ball, location: 2F
3-2: Foul Ball, location: 2F
3-2: Fly out, F9 (Flyball, 9, EV 88.1 MPH)
Top of the 6th over - 0 runs, 0 hits, 0 errors, 0 left on base; Los Angeles 1 - Seattle 2
BOTTOM OF THE 6TH
Seattle Pilots batting - Pitching for Los Angeles Dodgers : RHP Greg Maddux
Batting: RHB Jermaine Dye 0-0: Fly out, F8 (Flyball, 89M, EV 93.1 MPH)
Batting: LHB J.T. Snow 0-0: Swinging Strike
0-1: Fly out, F7 (Flyball, 78S, EV 96.3 MPH)
Batting: RHB Bruce Aven 0-0: Foul Ball, location: 2F
0-1: Foul Ball, location: 2F
0-2: Strikes out swinging
Bottom of the 6th over - 0 runs, 0 hits, 0 errors, 0 left on base; Los Angeles 1 - Seattle 2
TOP OF THE 7TH
Los Angeles Dodgers batting - Pitching for Seattle Pilots : RHP Rick Aguilera
Batting: LHB Ryan Klesko 0-0: Foul Ball, location: 2F
0-1: Foul Ball, location: 2F
0-2: Fly out, F7 (Flyball, 7S, EV 84.4 MPH)
Batting: LHB Rafael Palmeiro 0-0: Ball
1-0: SINGLE (Groundball, 3D, EV 106.9 MPH)
Batting: RHB Jeffrey Hammonds 0-0: Fly out, F8 (Flyball, 89XD, EV 93.8 MPH)
Batting: SHB Jason Varitek 0-0: Called Strike
0-1: Ball
1-1: Foul Ball, location: 2F
1-2: Foul Ball, location: 2F
1-2: SINGLE (Groundball, 4MD, EV 95.6 MPH)
Rafael Palmeiro to second
Batting: RHB Torii Hunter 0-0: Swinging Strike
0-1: Ball
1-1: Fly out, F9 (Flyball, 9D, EV 88.1 MPH)
Top of the 7th over - 0 runs, 2 hits, 0 errors, 2 left on base; Los Angeles 1 - Seattle 2
BOTTOM OF THE 7TH
Seattle Pilots batting - Pitching for Los Angeles Dodgers : RHP Greg Maddux
Pitching: LHP Scott Radinsky
Batting: SHB Pat Listach 0-0: Called Strike
0-1: Ball
1-1: Ball
2-1: SINGLE (Groundball, 56D, EV 94.4 MPH)
Batting: RHB Esteban Beltre 0-0: Called Strike
0-1: Sac Bunt to 13S - play at first, batter OUT! 1-3
Pat Listach to second
Batting: SHB Mark McLemore 0-0: Ball
1-0: Ball
2-0: Foul Ball, location: 2F
2-1: DOUBLE (Flyball, 8LD, EV 108.8 MPH)
Pat Listach scores
Batting: RHB Edgar Martinez 0-0: Intentional Walk
Batting: LHB Ken Griffey Jr. 0-0: Ball
1-0: Ball
Mark McLemore steals 3rd base
2-0: Fly out, F9 (Flyball, 89S, EV 78.1 MPH)
Throwing error, E9
Mark McLemore scores
Edgar Martinez to second
Batting: RHB Hector Villanueva 0-0: Foul Ball, location: 2F
0-1: Ball
1-1: Foul Ball, location: 2F
1-2: Ball
2-2: SINGLE (Flyball, 7LS, EV 93.1 MPH)
Edgar Martinez to third
Runner from 3rd tries for Home, SAFE, throw by LF to home
Pitching: LHP Bill Wilkinson
Batting: RHB Jermaine Dye 0-0: Ball
1-0: Ball
2-0: Fielders Choice at 2nd, 6-4 (Groundball, 6, EV 85.0 MPH)
Bottom of the 7th over - 3 runs, 3 hits, 1 error, 1 left on base; Los Angeles 1 - Seattle 5
TOP OF THE 8TH
Los Angeles Dodgers batting - Pitching for Seattle Pilots : RHP Rick Aguilera
Batting: RHB Homer Bush 0-0: Swinging Strike
0-1: Ball
1-1: Ball
2-1: Foul Ball, location: 2F
2-2: Foul Ball, location: 2F
2-2: Ball
3-2: Fly out, F9 (Line Drive, 9, EV 105.6 MPH)
Batting: SHB Kevin Stocker 0-0: Ball
1-0: Ground out U3 (Groundball, 3, EV 81.3 MPH)
Batting: RHB Brian L Hunter 0-0: Swinging Strike
0-1: Ball
1-1: Ground out 1-3 (Groundball, 15, EV 90.6 MPH)
Top of the 8th over - 0 runs, 0 hits, 0 errors, 0 left on base; Los Angeles 1 - Seattle 5
BOTTOM OF THE 8TH
Seattle Pilots batting - Pitching for Los Angeles Dodgers : LHP Bill Wilkinson
Batting: LHB J.T. Snow 0-0: Foul Ball, location: 2F
0-1: Ball
1-1: Called Strike
1-2: Foul Ball, location: 2F
1-2: Ball
2-2: Foul Ball, location: 2F
2-2: Ball
3-2: Ground out U3 (Groundball, 34, EV 106.3 MPH)
Batting: RHB Bruce Aven 0-0: Ball
1-0: Ball
2-0: Ball
3-0: Called Strike
3-1: Base on Balls
Batting: SHB Pat Listach 0-0: Ball
1-0: Ball
2-0: Ball
3-0: Called Strike
3-1: Base on Balls
Bruce Aven to second
Batting: RHB Esteban Beltre 0-0: Ball
1-0: Swinging Strike
1-1: SINGLE (Groundball, 4MD, EV 106.9 MPH)
Bruce Aven to third
Pat Listach to second
Pitching: LHP Lance Painter
Batting: SHB Mark McLemore 0-0: Foul Ball, location: 2F
0-1: Ball
1-1: Foul Ball, location: 2F
1-2: Ball
2-2: Ball
3-2: Strikes out swinging
Batting: RHB Edgar Martinez 0-0: Ball
1-0: Ball
2-0: Fielders Choice at 2nd, 6-4 (Groundball, 56, EV 103.1 MPH)
Bottom of the 8th over - 0 runs, 1 hit, 0 errors, 3 left on base; Los Angeles 1 - Seattle 5
TOP OF THE 9TH
Los Angeles Dodgers batting - Pitching for Seattle Pilots : RHP Rick Aguilera
Batting: RHB Chris Brown 0-0: Called Strike
0-1: Ball
1-1: Ball
2-1: Called Strike
2-2: Ball
3-2: Ground out 6-3 (Groundball, 6, EV 83.8 MPH)
Batting: LHB Ryan Klesko 0-0: Called Strike
0-1: Ball
1-1: Foul Ball, location: 2F
1-2: Fly out, F9 (Flyball, 9D, EV 101.3 MPH)
Batting: LHB Rafael Palmeiro 0-0: Called Strike
0-1: Ball
1-1: Ball
2-1: Foul Ball, location: 2F
2-2: SINGLE (Flyball, 89S, EV 95.6 MPH)
Pitching: RHP Joe Hudson
Batting: RHB Jeffrey Hammonds 0-0: Called Strike
0-1: Foul Ball, location: 2F
0-2: Strikes out swinging
Top of the 9th over - 0 runs, 1 hit, 0 errors, 1 left on base; Los Angeles 1 - Seattle 5
Friday, March 6th, 2026 - OOTP Baseball 20.8 Build 74